 Dungeon Crawl Stone Soup version 0.31.0-32-g396128a36d (console) character file.

Game seed: 12876024356835752666

32 utis the Grave Robber (level 2, 0/20 HPs)
             Began as a Demigod Necromancer on Apr 1, 2024.
             Slain by a cerulean imp
             ... wielding a +1 spear
             ... summoned by Natasha
              (2 damage)
             ... on level 2 of the Dungeon.
             The game lasted 00:03:38 (1561 turns).

utis the Grave Robber (Demigod Necromancer)         Turns: 1561, Time: 00:03:39

Health: 0/20       AC:  3    Str:  9    XL:     2   Next: 93%
Magic:  4/7        EV: 12    Int: 17    God:
Gold:   115        SH:  0    Dex: 14    Spells: 3/4 levels left

rFire   . . .        m - +0 short sword
rCold   . . .        (no shield)
rNeg    . . .        a - +0 robe
rPois   .            (no helmet)
rElec   .            e - +0 cloak
rCorr   .            (no gloves)
SInv    .            (no boots)
Will    .....        (no amulet)
Stlth   ++           (no ring)
HPRegen 0.23/turn    (no ring)
MPRegen 0.10/turn

%: no passive effects
@: very slightly contaminated, slowed, very slow
A: high MP 1, forlorn, divine attributes
a: no special abilities


You were on level 2 of the Dungeon.
You visited 1 branch of the dungeon, and saw 2 of its levels.

You collected 115 gold pieces.

Inventory:

Hand Weapons
 k - a +0 dagger
 m - a +0 short sword (weapon)
Missiles
 g - 6 stones
Armour
 a - a +0 robe (worn)
 e - a +0 cloak (worn)
Scrolls
 d - a scroll of identify {unknown}
 f - a scroll of silence {unknown}
 h - a scroll of poison {unknown}
 i - a scroll of immolation {unknown}
 l - a scroll of enchant weapon {unknown}
 o - a scroll of revelation {unknown}
Potions
 b - a potion of magic
 c - a potion of heal wounds {@q2}
 j - 2 potions of attraction {unknown}
 n - a potion of brilliance {unknown}


   Skills:
 - Level 1.7 Dodging
 - Level 1.7 Stealth
 - Level 1.7 Spellcasting
 + Level 4.6 Necromancy


You had 3 spell levels left.
You knew the following spells:

 Your Spells              Type           Power      Damage    Failure   Level
Y - Necrotise             Necr           68%        1d7       3%          1

Your spell library contained the following spells:

 Spells                   Type           Power      Damage    Failure   Level
 Vampiric Draining        Necr           17%        2d7       9%          3
 Mercury Vapours          Alch/Air       2%         N/A       30%         2
 Mephitic Cloud           Conj/Alch/Air  1%         N/A       52%         3
 Animate Dead             Necr           17%        N/A       30%         4
 Curse of Agony           Necr           17%        N/A       63%         5
 Freezing Cloud           Conj/Ice/Air   0%         6-21      99%         5


Dungeon Overview and Level Annotations

Branches:
Dungeon (2/15)

Annotations:
D:2 Natasha


Innate Abilities, Weirdness & Mutations

You have an increased reservoir of magic. (+10% MP)
You shall have no god before yourself.
Your divine heritage dramatically boosts your attributes as you level up.


Message History

The cerulean imp closely misses you.
Natasha casts a spell.
The cerulean imp attacks as it pursues you!
The cerulean imp barely misses you. x2
The cerulean imp attacks as it pursues you!
The cerulean imp hits you from afar with a +2 spear.
The cerulean imp attacks as it pursues you!
The cerulean imp hits you but does no damage.
The cerulean imp hits you from afar with a +2 spear.
The cerulean imp attacks as it pursues you!
The cerulean imp hits you from afar with a +2 spear.
* * * LOW HITPOINT WARNING * * *
The cerulean imp misses you.
The cerulean imp disappears in a puff of smoke!
Aiming: Necrotise (safe; 3% risk of failure)
Press: ? - help, Q - select action, (/) - cycle Shift-Dir - straight line, f - Natasha
Aim: Natasha (chance to affect: 75%) Natasha writhes in agony.
Natasha claws you but does no damage.
The cerulean imp hits you but does no damage.
Natasha claws you.
* * * LOW HITPOINT WARNING * * *
The cerulean imp hits you from afar with a +1 spear.
* * * LOW HITPOINT WARNING * * *
Aiming: Necrotise (safe; 3% risk of failure)
Press: ? - help, Q - select action, (/) - cycle Shift-Dir - straight line, f/p - Natasha
Aim: Natasha (lightly wounded, chance to affect: 75%)
You miscast Necrotise.
You are very lightly contaminated with residual magic.
Nothing appears to happen.
Natasha claws you but does no damage.
The cerulean imp hits you from afar with a +1 spear.
* * * LOW HITPOINT WARNING * * *
Aiming: Necrotise (safe; 3% risk of failure)
Press: ? - help, Q - select action, (/) - cycle Shift-Dir - straight line, f/p - Natasha
Aim: Natasha (lightly wounded, chance to affect: 75%) Natasha writhes in agony.
Natasha closely misses you.
The cerulean imp hits you from afar with a +1 spear.
You die...

......g ..... ... ░░░░░░░░░░
░'░ ░........░ ░.░ ░........░
░.░ ░........░ ░░.░░
░░░░░░........░░░░░░...░
.....+.............'...░
.░░░░░........░░░░░░...░░░░░░
....†...........ph.......>...
..░░.........░░░░░5░░........
░.░░.........░ ░.░░........
░..░.........░ ░5░░........
░░.░.........░ ░.░░........
...........░ ░.░░........
............░ ░.░░░░░░.░░░
...░░.░░░░░░░░ ░....░ .░
...░░.░ ░░░░ ░░░....░ ░ .░░ ░
..... ░......░ .░
......░......░


You could see Natasha and a cerulean imp (summoned).

Vanquished Creatures
  An adder (D:2)
  3 ball pythons (D:2)
  5 endoplasms
  3 giant cockroaches (D:1)
  2 goblins
  A hobgoblin (D:2)
  2 frilled lizards
  2 rats
19 creatures vanquished.

Vanquished Creatures (collateral kills)
  A frilled lizard (D:2)
1 creature vanquished.

Grand Total: 20 creatures vanquished

Notes
Turn   | Place    | Note
-------+----------+-------------------------------------------
     0 | D:1      | utis the Demigod Necromancer began the quest for the Orb.
     0 | D:1      | Reached XP level 1. HP: 14/14 MP: 5/5
   312 | D:1      | Reached skill level 4 in Necromancy
   557 | D:1      | Reached XP level 2. HP: 20/20 MP: 4/7
  1541 | D:2      | Noticed Natasha
  1561 | D:2      | Slain by a cerulean imp

Illustrated notes

Levels and vault maps discovered:
D:1:      dpeg_arrival_arbitrary_a, layout_basic, nrook_mini_vaults,
          minivault_14, minmay_misc_feat_nine_boxes
D:2:      layout_basic, basic_altar, shapermc_ecumenical_altar_mp_highgroup,
          uniq_natasha

Skill      XL: |  1 |
---------------+----+-----
Necromancy     | 4 |  4.6
Dodging        | |  1.7
Stealth        | |  1.7
Spellcasting   | |  1.7

Action                     || total
---------------------------++-------
  Melee: Dagger            ||     1
   Cast: Necrotise         ||    40
    Use: Potion            ||     1
   Stab: Sleeping          ||     1
 Armour: Robe              ||    14
  Dodge: Dodged            ||     5
